 Dungeon Crawl Stone Soup version 0.19-a0-1895-g783e625 (webtiles) character file.

3735 TBDF12 the Spear-Bearer (level 9, -3/123 HPs)
             Began as a Minotaur Monk on Oct 18, 2016.
             Was a High Priest of Dithmenos.
             Slain by an orc warrior
             ... wielding a +0 hand axe
              (7 damage)
             ... on level 7 of the Dungeon.
             The game lasted 02:03:22 (10271 turns).

TBDF12 the Spear-Bearer (Minotaur Monk)            Turns: 10271, Time: 02:03:23

Health: -3/123     AC: 24    Str: 18    XL:     9   Next: 93%
Magic:  8/8        EV:  2    Int:  8    God:    Dithmenos [*****.]
Gold:   155        SH:  0    Dex: 18    Spells: 3 memorised, 5 levels left

rFire  . . .     SeeInvis .     d - +2 trident
rCold  . . .     Gourm    .     (armour currently unavailable)
rNeg   + + +     Faith    .     (no shield)
rPois  +         Spirit   .     (helmet currently unavailable)
rElec  .         Reflect  .     (cloak currently unavailable)
rCorr  .         Harm     .     (gloves currently unavailable)
MR     .....     NoTele   +     (boots currently unavailable)
Stlth  +++++.....               (no amulet)
                                (no ring)
                                (no ring)

@: agile, tree-form, wreathed by umbra
A: (retaliatory headbutt), (horns 0), slow regeneration 1
a: Shadow Step, Shadow Form, Renounce Religion


You were on level 7 of the Dungeon.
You worshipped Dithmenos.
Dithmenos was extremely pleased with you.
You were not hungry.
You were a tree.
You visited 2 branches of the dungeon, and saw 8 of its levels.
You also visited: Sewer.

You collected 237 gold pieces.
You spent 82 gold pieces at shops.

Inventory:

Hand Weapons
 d - a +2 trident (weapon)
Missiles
 c - 11 tomahawks (quivered)
Armour
 f - a +2 chain mail of cold resistance (melded)
 o - a +0 cloak (melded)
Wands
 p - a wand of lightning (5/15)
Scrolls
 e - a scroll of fear
 g - a scroll of noise
 i - 2 scrolls of remove curse
Potions
 k - a potion of brilliance
 l - 3 potions of might
Comestibles
 n - a fruit
 q - a chunk of flesh


   Skills:
 + Level 8.5 Fighting
 + Level 11.4 Polearms
 + Level 8.2 Armour
 + Level 5.7 Dodging
 + Level 3.1 Stealth


You had 5 spell levels left.
You knew the following spells:

 Your Spells              Type           Power        Failure   Level  Hunger
a - Animate Skeleton      Necr           N/A          43%         1    ##.....
b - Pain                  Necr           #...         43%         1    ##.....
c - Summon Small Mammal   Summ           #...         43%         1    ##.....


Dungeon Overview and Level Annotations

Branches:
Dungeon (7/15)             Temple (1/1) D:6

Altars:
Cheibriados
Dithmenos
Elyvilon
Fedhas
Gozag
Hepliaklqana
Kikubaaqudgha
Makhleb
Nemelex Xobeh
Okawaru
Qazlal
Ru
Trog
Uskayaw
Vehumet
Xom
Yredelemnul
Zin
The Shining One

Shops:
D:4 ?


Innate Abilities, Weirdness & Mutations

((You reflexively headbutt those who attack you in melee.))
((You have a pair of horns on your head.))
You regenerate slowly when monsters are visible.


Message History

The orc warrior is lightly wounded.
The orc warrior closely misses you.
Your chain mail prevents you from hitting the orc warrior.
The orc warrior is lightly wounded.
You hit the orc warrior but do no damage.
The orc warrior is lightly wounded.
The orc warrior barely misses you.
You closely miss the orc warrior.
You headbutt the orc warrior, but do no damage.
The orc warrior is lightly wounded.
The orc warrior hits you but does no damage.
You closely miss the orc warrior.
The orc warrior is lightly wounded.
You feel sick.
You are no longer poisoned.
You turn into a tree.
Your +0 cloak melds into your body.
Your +2 chain mail of cold resistance melds into your body.
You feel less resistant to cold.
Your roots penetrate the ground.
The orc warrior hits you with a hand axe!
You die...

#?#..### #.........
#.##.#..# #
#.##.#).# .#
#.##.##>#..# ..
.........## ##
##.##.#)..#
.######...<).(.#
.......♣o...)).#
..########'########
#...............#
#...............#
#....#######....#
#....#.....#†...#
#....'o.)o.†....#
#...o#.....#†...#
#... #######....#


You could see an orc warrior.

Vanquished Creatures
  The ghost of shinino the Covered, a novice GrFi of Okawaru (D:4)
  Grinder (D:5)
  Prince Ribbit (D:5)
  A hungry ghost (D:7)
  A soldier ant (D:7)
  2 sky beasts (D:5)
  A black bear (D:6)
  3 ogres
  A phantom (D:6)
  An ice beast (D:6)
  A centaur (D:6)
  A big kobold (D:7)
  A wyvern zombie (D:6)
  2 bullfrogs
  A scorpion (D:7)
  7 killer bees (D:7)
  3 howler monkeys (D:7)
  A bullfrog zombie (D:5)
  4 crimson imps (D:7)
  A centaur zombie (D:5)
  4 hounds
  An orc priest (D:7)
  6 bullfrog skeletons
  A centaur skeleton (D:4)
  2 orc wizards (D:3)
  2 iguanas
  Natasha (thrice) (D:4)
  15 worker ants
  13 adders
  3 river rats (Sewer)
  2 shadow imps
  2 oozes
  2 adder skeletons
  4 worms
  4 dart slugs
  4 leopard geckos
  14 orcs
  2 ball pythons (Sewer)
  7 giant cockroaches
  6 hobgoblins
  9 jackals
  20 kobolds
  4 quokkas
  4 bats
  14 frilled lizards
  7 goblins
  2 jackal zombies (D:6)
  2 quokka skeletons
  15 rats
  2 bushes (D:1)
  4 plants (D:1)
215 creatures vanquished.

Vanquished Creatures (others)
  An orc (D:3)
1 creature vanquished.

Grand Total: 216 creatures vanquished

Notes
Turn   | Place    | Note
-------+----------+-------------------------------------------
     0 | D:1      | TBDF12 the Minotaur Monk began the quest for the Orb.
     0 | D:1      | Reached XP level 1. HP: 19/19 MP: 0/0
   662 | D:1      | Reached skill level 4 in Polearms
   842 | D:1      | Reached XP level 2. HP: 27/27 MP: 1/1
  1978 | D:2      | Reached XP level 3. HP: 33/33 MP: 2/2
  2047 | D:2      | Found a faded altar of an unknown god.
  2066 | D:2      | Became a worshipper of Dithmenos the Shadowed
  2066 | D:2      | Reached * piety under Dithmenos
  2066 | D:2      | Reached ** piety under Dithmenos
  2180 | D:2      | Reached *** piety under Dithmenos
  2185 | D:2      | Reached XP level 4. HP: 37/40 MP: 3/3
  2422 | D:2      | Found a burning altar of Makhleb.
  3383 | D:3      | Reached skill level 1 in Armour
  3479 | D:3      | Reached XP level 5. HP: 36/46 MP: 4/4
  5081 | D:4      | Found a glowing drain.
  5100 | D:4      | Reached **** piety under Dithmenos
  5107 | D:4      | Reached XP level 6. HP: 42/53 MP: 5/5
  5129 | D:4      | Reached skill level 5 in Polearms
  5178 | D:4      | Found an iron altar of Okawaru.
  5181 | D:4      | Found a sparkling altar of Nemelex Xobeh.
  5212 | D:4      | Found an ancient bone altar of Kikubaaqudgha.
  5263 | Sewer    | Entered a sewer
  5653 | D:4      | Found a faded altar of an unknown god.
  5653 | D:4      | Found a blossoming altar of Fedhas.
  5658 | D:4      | Gained mutation: You are partially covered in slimy green scales. (AC +2) [potion of mutation]
  5658 | D:4      | Gained mutation: You regenerate slowly when monsters are visible. [potion of mutation]
  5658 | D:4      | Lost mutation: You are partially covered in slimy green scales. (AC +2) [potion of mutation]
  5663 | D:4      | Found a faded altar of an unknown god.
  5670 | D:4      | Found a white marble altar of Elyvilon.
  5672 | D:4      | Found a faded altar of an unknown god.
  5731 | D:4      | Found Ruutyju's Magic Scroll Boutique.
  5748 | D:4      | Noticed Natasha
  5760 | D:4      | Killed Natasha
  5760 | D:4      | Reached skill level 5 in Fighting
  5765 | D:4      | Bought a scroll of enchant armour for 82 gold pieces
  5768 | D:4      | Learned a level 1 spell: Animate Skeleton
  5770 | D:4      | Learned a level 1 spell: Pain
  5772 | D:4      | Learned a level 1 spell: Summon Small Mammal
  5895 | D:4      | Noticed shinino's ghost (novice GrFi)
  5912 | D:4      | Killed shinino's ghost
  5912 | D:4      | Reached skill level 6 in Polearms
  5912 | D:4      | Reached skill level 5 in Dodging
  5912 | D:4      | Reached XP level 7. HP: 26/61 MP: 6/6
  5941 | D:4      | Found a basalt altar of Yredelemnul.
  5944 | D:4      | Found a stormy altar of Qazlal.
  6237 | D:4      | Reached skill level 7 in Polearms
  6350 | D:4      | Noticed Natasha
  6356 | D:4      | Killed Natasha
  6356 | D:4      | Reached skill level 5 in Armour
  6732 | D:5      | Entered Level 5 of the Dungeon
  6771 | D:5      | Reached XP level 8. HP: 70/70 MP: 7/7
  6780 | D:5      | Noticed Prince Ribbit
  6797 | D:5      | Killed Prince Ribbit
  6797 | D:5      | Reached skill level 8 in Polearms
  6811 | D:5      | Noticed Grinder
  7138 | D:5      | Killed Grinder
  7551 | D:5      | Found an opulent altar of Gozag.
  7560 | D:5      | Reached skill level 9 in Polearms
  7623 | D:4      | Noticed Natasha
  7634 | D:4      | Killed Natasha
  8007 | D:5      | Found a hide-covered altar of Uskayaw.
  8661 | D:6      | Reached XP level 9. HP: 66/79 MP: 8/8
  9329 | D:6      | Reached skill level 10 in Polearms
  9442 | D:6      | Found a staircase to the Ecumenical Temple.
  9453 | Temple   | Entered the Ecumenical Temple
  9740 | D:6      | You fall through a shaft!
 10110 | D:7      | Reached skill level 11 in Polearms
 10129 | D:7      | Reached ***** piety under Dithmenos
 10183 | D:7      | Found a runed door.
 10187 | D:7      | Found a runed door.
 10256 | D:7      | HP: 4/82 [orc priest/divine providence (10)]
 10264 | D:7      | HP: 3/82 [poisoned by a worker ant]
 10270 | D:7      | HP: 2/82 [poisoned by a worker ant]
 10271 | D:7      | Slain by an orc warrior

Vault maps used:
D:1:      evilmike_arrival_crescent, serial_forest,
          infiniplex_forest_clump_double, infiniplex_forest_straight_1,
          infiniplex_forest_end_1, infiniplex_forest_end_double,
          infiniplex_forest_clump_curved
D:2:      ecumenical_altar_2, first_bread, makhleb_blood_cavern_becter
D:4:      nicolae_overflow_hidden_temple, chequers_temple_overflow_minitemple,
          serial_shops, shop_statue, portal_sewer_entry_a, hex_medium,
          minmay_misc_feat_x, uniq_natasha
D:5:      lemuel_crystal_altar, basic_altar, uniq_grinder, uniq_prince_ribbit1
D:6:      kennysheep_nub
D:7:      lemuel_insect_pit, gammafunk_temple_overflow_elements
Temple:   minmay_temple_curvy_loop
Sewer:    sewer_co_cracked_pipes

Skill      XL: |  1  2  3  4  5  6  7  8  9 |
---------------+----------------------------+-----
Polearms       | 4 6 7 9 11 | 11.4
Dodging        | 4 5 |  5.7
Fighting       | 4 5 6 7 8 |  8.5
Stealth        | 2 3 |  3.1
Armour         | 1 3 4 5 6 8 |  8.2

Action                   |  1- 3 |  4- 6 |  7- 9 || total
-------------------------+-------+-------+-------++-------
Melee: Spear             |   480 |   231 |   227 ||   938
       Headbutt          |   147 |    33 |    66 ||   246
       Trident           |       |       |   164 ||   164
  Use: Scroll            |     5 |    11 |     3 ||    19
       Potion            |     3 |    10 |     5 ||    18
  Eat: Bread ration      |     1 |     2 |     1 ||     4
       Meat ration       |       |     1 |     3 ||     4
       Fruit             |       |       |     3 ||     3
Armor: Robe              |     3 |       |       ||     3
       Ring mail         |     4 |    17 |       ||    21
       Chain mail        |       |    49 |   171 ||   220
       Skin              |       |     5 |       ||     5
Dodge: Dodged            |    46 |    90 |   167 ||   303
